AoeStats
← 白鹿城拉车车

Arena

510077751Analyzed
4v4 RM · 1d ago on Sep 29, 2026· 42m 45s· 8 players
Game mode
Random Map
Map size
Large (8 player)
Population
200
Speed
Normal
Resources
Standard
Victory
Conquest
Starting age
Dark Age
Ending age
Imperial Age
RankedLock teamsTeams togetherTeam positionsShared explorationLock speedFull tech treeHidden civsTurbo modeCheats
Victory
Defeat
🇵🇪 Tatars · Peru
1370
+14
🇨🇳 Mongols · China
1344
+15
🇨🇳 Cumans · China
1339
+15
🇬🇷 Hindustanis · Greece
1283
+16
🇨🇳 Danes · China
1347
-16
🇨🇳 Bohemians · China
1330
-16
🇮🇳 Lithuanians · India
1330
-16
🇯🇵 Inca · Japan
1247
-12
168kcal
10:13 Feudal Age
14:12 Castle Age
12:20 Double-Bit Axe
12:40 Loom
12:56 Stone Mining
13:10 Horse Collar
15:24 Forging
17:01 Gold Mining
21:46 Fortified Wall
23:36 Bow Saw
27:45 Imperial Age
25:57 Fletching
26:08 Padded Archer Armor
27:42 Wheelbarrow
28:46 Scale Mail Armor
29:35 Bodkin Arrow
30:30 Leather Archer Armor
31:51 Bracer
32:20 Elite Skirmisher
32:52 Town Watch
33:15 Heavy Plow
33:22 Crossbowman
35:57 Crop Rotation
37:09 Ring Archer Armor
38:26 Ballistics
39:16 Chemistry
40:00 Thumb Ring
40:00 Treadmill Crane
40:49 Arbalester
ixsea
10:37 Feudal Age
14:23 Castle Age
12:15 Double-Bit Axe
12:18 Horse Collar
15:32 Bow Saw
23:14 Wheelbarrow
22:24 Loom
24:53 Hand Cart
28:45 Imperial Age
27:20 Chemistry
26:49 Pikeman
27:29 Squires
29:13 Scale Mail Armor
30:16 Ballistics
29:22 Houfnice
29:24 Halberdier
30:20 Chain Mail Armor
32:00 Plate Mail Armor
31:41 Forging
33:10 Two-Man Saw
34:34 Iron Casting
34:45 Siege Engineers
36:39 Blast Furnace
35:57 Wagenburg Tactics
36:12 Conscription
NUR
5:12 Loom
11:13 Feudal Age
14:46 Castle Age
12:28 Horse Collar
13:00 Double-Bit Axe
14:40 Wheelbarrow
15:41 Bow Saw
15:32 Heavy Plow
17:34 Heavy Plow
21:40 Pikeman
22:24 Squires
24:04 Fletching
24:41 Padded Archer Armor
24:45 Bodkin Arrow
29:09 Town Watch
41:40 Gold Mining
42:02 Forging
41:57 Scale Barding Armor
白鹿城拉车车
9:27 Loom
11:16 Feudal Age
12:27 Double-Bit Axe
12:49 Horse Collar
15:16 Castle Age
14:24 Gold Mining
16:25 Bow Saw
17:48 Scale Mail Armor
25:36 Forging
27:00 Hamask
27:44 Fletching
29:08 Chain Mail Armor
31:10 Iron Casting
34:11 Wheelbarrow
34:01 Loom
34:36 Heavy Plow
36:20 Squires
36:06 Arson
37:15 Hand Cart
39:40 Imperial Age
39:28 Bodkin Arrow
39:33 Padded Archer Armor
40:49 Gold Shaft Mining
40:04 Stone Mining
40:04 Elite Skirmisher
41:17 Leather Archer Armor
41:04 Bracer
42:07 Elite Varangian Guard
43:50 Blast Furnace
mojotzotzo
11:17 Feudal Age
12:15 Double-Bit Axe
12:13 Horse Collar
14:51 Castle Age
16:08 Bow Saw
16:03 Heavy Plow
20:27 Stone Mining
20:28 Gold Mining
27:01 Imperial Age
25:28 Wheelbarrow
24:42 Loom
26:54 Padded Archer Armor
27:57 Leather Archer Armor
28:52 Chemistry
28:24 Shatagni
28:45 Conscription
29:00 Masonry
29:22 Ring Archer Armor
33:30 Siege Engineers
37:27 Coinage
国际悍匪Arosy
8:44 Feudal Age
9:23 Double-Bit Axe
9:18 Horse Collar
18:50 Castle Age
17:50 Wheelbarrow
18:19 Bloodlines
18:02 Gold Mining
18:25 Man-at-Arms
19:17 Forging
19:13 Scale Barding Armor
19:49 Bow Saw
21:06 Iron Casting
21:48 Gold Shaft Mining
21:36 Chain Barding Armor
23:23 Light Cavalry
25:56 Iron Casting
26:05 Heavy Plow
28:46 Stone Mining
30:11 Hand Cart
29:42 Loom
33:06 Imperial Age
33:18 Cavalier
33:19 Hussar
34:38 Plate Barding Armor
35:03 Blast Furnace
34:52 Paladin
36:52 Crop Rotation
38:16 Capped Ram
39:01 Town Watch
38:54 Elite Steppe Lancer
40:48 Two-Man Saw
40:18 Siege Ram
42:47 Conscription
42:42 Masonry
43:33 Chemistry
西巴老嘛
10:17 Feudal Age
13:54 Castle Age
16:03 Loom
18:01 Double-Bit Axe
21:16 Fletching
22:32 Bow Saw
23:18 Ballistics
26:48 Horse Collar
28:47 Gold Mining
28:58 Heavy Plow
30:12 Masonry
29:56 Stone Mining
31:20 Wheelbarrow
31:19 Nomads
32:36 Gold Shaft Mining
32:37 Stone Shaft Mining
36:18 Imperial Age
34:36 Bloodlines
34:29 Husbandry
34:35 Thumb Ring
35:52 Hand Cart
38:00 Hoardings
38:33 Chemistry
37:57 Conscription
38:07 Parthian Tactics
37:42 Bodkin Arrow
37:47 Padded Archer Armor
40:05 Siege Engineers
39:56 Murder Holes
40:11 Bracer
40:27 Leather Archer Armor
40:20 Elite Mangudai
41:16 Scale Barding Armor
Joestar
10:12 Feudal Age
13:46 Castle Age
22:39 Padded Archer Armor
22:40 Gold Mining
25:05 Fletching
Connection lost

Rejoining the realm…

Still unreachable

The connection could not be restored.

Session expired

The server has moved on; the page needs a fresh start.